 Dungeon Crawl Stone Soup version 0.20.0-15-g7f486f2 (webtiles) character file.

0 Gargoyl the Skirmisher (level 1, 0/19 HPs)
             Began as a Minotaur Abyssal Knight on June 30, 2017.
             Was a Follower of Lugonu.
             Slain by a spatial maelstrom (5 damage)
             ... on level 2 of the Abyss.
             The game lasted 00:00:57 (1809 turns).

Gargoyl the Skirmisher (Minotaur Abyssal Knight)    Turns: 1809, Time: 00:00:58

Health: 0/19       AC:  3    Str: 16    XL:     1   Next: 0%
Magic:  1/1        EV: 11    Int:  9    God:    Lugonu [*.....]
Gold:   0          SH:  0    Dex:  9    Spells: 0/0 levels left

rFire    . . .     SeeInvis .   a - +1 hand axe
rCold    . . .     Gourm    .   (no shield)
rNeg     . . .     Faith    .   b - +0 leather armour
rPois    .         Spirit   .   (helmet restricted)
rElec    .         Reflect  .   (no cloak)
rCorr    .         Harm     .   (no gloves)
MR       .....                  (no boots)
Stlth    +.........             (no amulet)
Regen    0.1/turn               (no ring)
MPRegen  0.1/turn               (no ring)

@: no status effects
A: retaliatory headbutt, horns 2
a: Depart the Abyss, Renounce Religion


You were on level 2 of the Abyss.
You worshipped Lugonu.
Lugonu was aware of your devotion.
You were not hungry.

You visited 0 branches of the dungeon, and saw 0 of its levels.
You visited the Abyss 1 time.

Inventory:

Hand Weapons
 a - a +1 hand axe (weapon)
Armour
 b - a +0 leather armour (worn)


   Skills:
 + Level 3.6 Fighting
 + Level 2.4 Axes
 + Level 2.4 Armour
 + Level 1.1 Dodging
 + Level 1.7 Invocations


You couldn't memorise any spells.
You didn't know any spells.

Dungeon Overview and Level Annotations

Branches:
Dungeon (0/15)

Altars:


Innate Abilities, Weirdness & Mutations

You reflexively headbutt those who attack you in melee.
You have a pair of horns on your head.


Message History

You start waiting.
Done waiting.
You start waiting.
Done waiting.
You start waiting.
You start waiting.
You start waiting.
You start waiting.
Done waiting.
You are feeling hungry.
Unknown command.
You are feeling very hungry.
You eat the bread ration.
That bread ration really hit the spot! 3 spatial vortices and a freezing wraith come into view.
The spatial maelstrom hits you!
Ouch! That really hurt!
Space bends around you.
* * * LOW HITPOINT WARNING * * *
The spatial maelstrom hits you.
You die...

# #. #.v
# W..v#.
.v..XX#
.v..v.###
...v.#v@#
#########


You could see a starcursed mass, a tentacled starspawn, a spatial maelstrom, 6
spatial vortices and a freezing wraith.

Vanquished Creatures (others)
  12 large abominations (Abyss:2)
  23 small abominations (Abyss:2)
  4 golden eyes (Abyss:2)
  2 eyes of draining (Abyss:2)
  An ufetubus (Abyss:2)
  2 lurking horrors (Abyss:2)
44 creatures vanquished.

Notes
Turn   | Place    | Note
-------+----------+-------------------------------------------
     0 | Abyss:1  | Gargoyl the Minotaur Abyssal Knight began the quest for the Orb.
     0 | Abyss:1  | Reached XP level 1. HP: 19/19 MP: 1/1
   369 | Abyss:2  | Killed a small abomination
   605 | Abyss:2  | Noticed a tentacled starspawn
   607 | Abyss:2  | Killed a large abomination
   629 | Abyss:2  | Noticed a starcursed mass
   648 | Abyss:2  | Killed a large abomination
   663 | Abyss:2  | Killed a small abomination
   904 | Abyss:2  | Killed a small abomination
   979 | Abyss:2  | Killed a small abomination
   982 | Abyss:2  | Killed a small abomination
  1154 | Abyss:2  | Killed an eye of draining
  1197 | Abyss:2  | Killed a large abomination
  1238 | Abyss:2  | Killed a large abomination
  1313 | Abyss:2  | Killed a small abomination
  1316 | Abyss:2  | Killed a large abomination
  1371 | Abyss:2  | Killed a large abomination
  1372 | Abyss:2  | Killed a small abomination
  1377 | Abyss:2  | Killed a small abomination
  1380 | Abyss:2  | Killed a small abomination
  1385 | Abyss:2  | Killed a small abomination
  1391 | Abyss:2  | Killed a small abomination
  1411 | Abyss:2  | Killed a small abomination
  1438 | Abyss:2  | Killed a large abomination
  1449 | Abyss:2  | Killed a small abomination
  1454 | Abyss:2  | Killed a small abomination
  1461 | Abyss:2  | Killed a small abomination
  1484 | Abyss:2  | Killed a large abomination
  1489 | Abyss:2  | Killed a large abomination
  1517 | Abyss:2  | Killed a small abomination
  1546 | Abyss:2  | Killed a large abomination
  1547 | Abyss:2  | Killed a small abomination
  1554 | Abyss:2  | Killed an eye of draining
  1611 | Abyss:2  | Killed a golden eye
  1619 | Abyss:2  | Killed a golden eye
  1632 | Abyss:2  | Killed a large abomination
  1667 | Abyss:2  | Killed a small abomination
  1690 | Abyss:2  | Killed a large abomination
  1697 | Abyss:2  | Killed a small abomination
  1733 | Abyss:2  | Killed a golden eye
  1734 | Abyss:2  | Killed a golden eye
  1739 | Abyss:2  | Killed a small abomination
  1751 | Abyss:2  | Killed a small abomination
  1786 | Abyss:2  | Killed a small abomination
  1808 | Abyss:2  | Noticed a spatial vortex
  1808 | Abyss:2  | Noticed a spatial maelstrom
  1808 | Abyss:2  | Noticed a spatial vortex
  1809 | Abyss:2  | Noticed a freezing wraith
  1809 | Abyss:2  | Noticed a spatial vortex
  1809 | Abyss:2  | Noticed a spatial vortex
  1809 | Abyss:2  | Noticed a spatial vortex
  1809 | Abyss:2  | Noticed a spatial vortex
  1809 | Abyss:2  | Noticed a spatial vortex
  1809 | Abyss:2  | Slain by a spatial maelstrom

Action                   || total
-------------------------++-------
  Eat: Bread ration      ||     1
